 Dungeon Crawl Stone Soup version 0.26.0-10-g1f06aea511 (webtiles) character file.

Game seed: 3223355064167498905

725 Froggeryz the Cudgeller (level 7, 0/34 HPs)
             Began as a Gargoyle Hedge Wizard on Jan 14, 2021.
             Was an Initiate of Okawaru.
             Slain by a scorpion (3 damage)
             ... on level 4 of the Dungeon.
             The game lasted 00:07:36 (6352 turns).

Froggeryz the Cudgeller (Gargoyle Hedge Wizard)     Turns: 6352, Time: 00:07:36

Health: 0/34       AC: 11    Str: 16    XL:     7   Next: 71%
Magic:  11/11      EV: 11    Int: 14    God:    Okawaru [......]
Gold:   162        SH:  0    Dex:  9    Spells: 11/12 levels left

rFire    + . .     SeeInvis .   k - +1 flail
rCold    + . .     Faith    .   (no shield)
rNeg     + . .     Spirit   .   j - +0 ring mail
rPois    ∞         Reflect  .   c - +0 hat
rElec    +         Harm     .   o - +0 cloak
rCorr    +         Rampage  .   (no gloves)
Will     .....                  (no boots)
Stlth    +.........             d - amulet of magic regeneration
HPRegen  0.11/turn              (no ring)
MPRegen  0.37/turn              (no ring)

@: resistant, attractive
A: horns 1, frail 1, negative energy resistance 1, electricity resistance,
unbreathing, evolution 1, petrification resistance, miasma immunity, AC +4
a: Renounce Religion


You were on level 4 of the Dungeon.
You worshipped Okawaru.
Okawaru was noncommittal.
You visited 2 branches of the dungeon, and saw 5 of its levels.

You collected 162 gold pieces.

Inventory:

Hand Weapons
 k - a +1 flail (weapon)
Missiles
 i - 25 poisoned darts (quivered)
Armour
 c - a +0 hat (worn)
 j - a +0 ring mail (worn)
 o - a +0 cloak (worn)
Jewellery
 d - an amulet of magic regeneration (around neck)
Scrolls
 a - 2 scrolls of fog {unknown}
 e - 4 scrolls of enchant weapon
 f - a scroll of remove curse {unknown}
 h - 7 scrolls of identify {unknown}
Potions
 l - a potion of flight {unknown}
 m - a potion of brilliance {unknown}
 n - a potion of resistance


   Skills:
 - Level 1.1 Fighting
 * Level 7.9 Maces & Flails
 - Level 1.1 Armour
 - Level 1.5 Dodging
 - Level 2.1 Stealth
 - Level 3.0 Spellcasting
 - Level 1.1 Conjurations
 - Level 0.8 Summonings
 - Level 0.8 Translocations


You had 11 spell levels left.
You knew the following spells:

 Your Spells              Type           Power        Failure   Level
a - Magic Dart            Conj           20%          26%         1

Your spell library contained the following spells:

 Spells                   Type           Power        Failure   Level
 Blink                    Tloc           N/A          41%         2
 Call Imp                 Summ           4%           41%         2
 Slow                     Hex            2%           52%         2
 Conjure Flame            Conj/Fire      3%           69%         3
 Mephitic Cloud           Conj/Pois/Air  3%           71%         3


Dungeon Overview and Level Annotations

Branches:
Dungeon (4/15)             Temple (1/1) D:4

Altars:
Ashenzari
Cheibriados
Dithmenos
Elyvilon
Fedhas
Gozag
Hepliaklqana
Kikubaaqudgha
Makhleb
Nemelex Xobeh
Okawaru
Qazlal
Ru
Sif Muna
Trog
Uskayaw
Vehumet
Wu Jian
Xom
Yredelemnul
Zin
The Shining One

Annotations:
D:4 1 runed translucent door, rabbi's ghost, amateur OgBe


Innate Abilities, Weirdness & Mutations

You are resistant to torment.
Your stone body is resilient. (AC +4)
You are immune to poison.
You resist negative energy. (rN+)
You are resistant to electric shocks. (rElec)
You can survive without breathing.
You are immune to petrification.
You are immune to miasma.
You have a pair of small horns on your head.
You are frail. (-10% HP)
You evolve.


Message History

You sock the scorpion!
The scorpion is heavily wounded.
The scorpion stings you!
* * * LOW HITPOINT WARNING * * *
Okay, then.
As you read the scroll labelled WOZXIACAWE, it crumbles to dust.
It is a scroll of enchant weapon.
Your +0 flail glows red for a moment.
The scorpion stings you.
* * * LOW HITPOINT WARNING * * *
It was a potion of resistance.
You feel protected. The scorpion completely misses you.
It was a potion of mutation.
You feel extremely strange. A pair of horns grows on your head!
You feel frail.
You feel nature experimenting on you.
Don't worry, failures die fast.
The scorpion barely misses you.
It was a potion of attraction.
You feel attractive to monsters. The scorpion stings you.
You die...

###.##..#
##.#.#..# ###
#.###...# ..#
##.>###### #.#
##...#≈≈≈≈≈ #.#
#....+r≈≈≈[
##.###....#W≈≈≈≈
#.........######
#.s@..........
#.######.....#
#)# ##...## ...
#### .<...
.......
##.....## #
##...## # .....
#


You could see a scorpion.

Vanquished Creatures
  Grinder (D:3)
  An ogre (D:4)
  A hound (D:4)
  An orc priest (D:4)
  Ijyb (D:3)
  Natasha (twice) (D:2)
  3 orc wizards
  A worker ant (D:4)
  A hound skeleton (D:4)
  4 gnolls (D:3)
  5 adders
  3 worms
  An adder skeleton (D:4)
  2 dart slugs
  7 leopard geckos
  13 orcs
  3 ball pythons
  4 bats
  8 giant cockroaches
  4 goblins
  8 hobgoblins
  6 jackals
  2 quokkas (D:2)
  4 frilled lizards
  7 kobolds
  5 rats
98 creatures vanquished.

Notes
Turn   | Place    | Note
-------+----------+-------------------------------------------
     0 | D:1      | Froggeryz the Gargoyle Hedge Wizard began the quest for the
                  | Orb.
     0 | D:1      | Reached XP level 1. HP: 10/10 MP: 4/4
   358 | D:1      | Reached skill level 1 in Fighting
   358 | D:1      | Reached skill level 1 in Armour
   362 | D:1      | Reached XP level 2. HP: 14/16 MP: 1/6
   786 | D:1      | Reached skill level 1 in Maces & Flails
  1237 | D:1      | Reached XP level 3. HP: 15/20 MP: 3/7
  1519 | D:1      | Reached skill level 2 in Maces & Flails
  2515 | D:2      | Reached XP level 4. HP: 25/25 MP: 8/8
  2573 | D:2      | Reached skill level 3 in Maces & Flails
  2804 | D:2      | Noticed Natasha
  2914 | D:2      | Killed Natasha
  3096 | D:2      | Noticed Natasha
  3176 | D:2      | Killed Natasha
  3177 | D:2      | Reached skill level 4 in Maces & Flails
  3177 | D:2      | Reached XP level 5. HP: 13/29 MP: 9/9
  3627 | D:3      | Noticed Grinder
  3643 | D:3      | Paralysed by Grinder for 3 turns
  3648 | D:3      | Killed Grinder
  3649 | D:3      | Reached skill level 5 in Maces & Flails
  3649 | D:3      | Reached XP level 6. HP: 17/34 MP: 10/10
  3721 | D:3      | Reached skill level 6 in Maces & Flails
  3956 | D:3      | Found a white marble altar of Elyvilon.
  3957 | D:3      | Found a glowing golden altar of the Shining One.
  4709 | D:3      | Noticed Ijyb
  4767 | D:3      | Killed Ijyb
  4768 | D:3      | Reached XP level 7. HP: 15/38 MP: 11/11
  5574 | D:4      | Reached skill level 7 in Maces & Flails
  5993 | D:4      | Found a staircase to the Ecumenical Temple.
  6020 | Temple   | Entered the Ecumenical Temple
  6120 | Temple   | Became a worshipper of Warmaster Okawaru
  6306 | D:4      | Found a runed translucent door.
  6307 | D:4      | Noticed rabbi's ghost (amateur OgBe)
  6351 | D:4      | Gained mutation: You have a pair of small horns on your
                  | head. [potion of mutation]
  6351 | D:4      | Gained mutation: You are frail. (-10% HP) [potion of
                  | mutation]
  6351 | D:4      | Gained mutation: You evolve. [potion of mutation]
  6352 | D:4      | Slain by a scorpion

Illustrated notes

Levels and vault maps discovered:
D:1:      lightli_arrival_boilingwater, layout_rooms, corexii_corridor_pit,
          hangedman_abyss_or_decor_stabs
D:2:      layout_basic, uniq_natasha
D:3:      layout_basic, gammafunk_temple_overflow_pools, uniq_ijyb, uniq_grinder
D:4:      layout_loops_ring, minmay_temple_entry_glassed_door,
          ebering_ghost_sewer_f, kennysheep_decorative_pillar,
          minmay_fountain_box, uniq_blork_the_orc
Temple:   regret_index_temple_chain_breaker

Skill      XL: |  1  2  3  4  5  6  7 |
---------------+----------------------+-----
Fighting       | 1 |  1.1
Armour         | 1 |  1.1
Maces & Flails | 1 2 4 5 6 7 |  7.9
Dodging        | |  1.5
Stealth        | |  2.1
Spellcasting   | |  3.0
Conjurations   | |  1.1
Summonings     | |  0.8
Translocations | |  0.8

Action                   |  1- 3 |  4- 6 |  7- 9 || total
-------------------------+-------+-------+-------++-------
Melee: Dagger            |    64 |       |       ||    64
       Whip              |    71 |   177 |       ||   248
       Flail             |       |    36 |   143 ||   179
       Unarmed           |       |    31 |       ||    31
       Mace              |       |     4 |       ||     4
Throw: Dart              |       |    19 |       ||    19
 Cast: Magic Dart        |    52 |    20 |       ||    72
  Use: Potion            |     1 |     3 |     4 ||     8
       Scroll            |       |       |     1 ||     1
Armor: Robe              |    34 |       |       ||    34
       Leather armour    |    29 |    10 |       ||    39
       Ring mail         |       |   107 |    76 ||   183
Dodge: Dodged            |    95 |   137 |    81 ||   313
